Map: Through the Darkness

Players

Tesla - Winner!

  • Race: Protoss Protoss

SuperButt

  • Race: Protoss Protoss

VOD

Have the link to the VOD?

Description

Time

  • Played on: Sept. 27, 2016, 7:37 p.m.
  • Length: 11:02
Show
View Real Time Build Order
Export as new Build Order

Tesla Protoss - Winner!

Build Orders: Double Forge 

Get SALT Encoding   

  12  0:01  Probe (Chrono Boost)  
  13  0:11  Probe (Chrono Boost)  
  14  0:20  Pylon  
  14  0:22  Probe (Chrono Boost)  
  15  0:38  Probe (Chrono Boost)  
  15  0:40  Gateway  
  16  0:44  Assimilator  
  16  0:49  Probe (Chrono Boost)  
  17  0:59  Probe (Chrono Boost)  
  18  1:08  Pylon  
  18  1:10  Probe (Chrono Boost)  
  19  1:20  Probe (Chrono Boost)  
  20  1:28  Cybernetics Core  
  20  1:31  Gateway  
  20  1:34  Pylon  
  20  1:36  Probe (Chrono Boost)  
  21  1:46  Probe (Chrono Boost)  
  22  2:00  Probe (Chrono Boost)  
  23  2:07  Warp Gate  
  23  2:09  Nexus  
  23  2:14  Mothership Core (Chrono Boost)  
  25  2:32  Probe (Chrono Boost), Assimilator  
  26  2:43  Probe (Chrono Boost)  
  27  2:47  Adept x2  
  31  2:54  Pylon  
  31  2:56  Probe (Chrono Boost)  
  32  2:58  Pylon  
  31  3:08  Probe (Chrono Boost)  
  31  3:10  Twilight Council  
  33  3:20  Adept, Probe (Chrono Boost)  
  33  3:22  Adept  
  33  3:24  Probe (Chrono Boost)  
  38  3:32  Probe (Chrono Boost)  
  39  3:35  Probe (Chrono Boost)  
  40  3:44  Probe (Chrono Boost)  
  40  3:45  Probe (Chrono Boost)  
  40  3:48  Sentry  
  44  3:49  Stalker, Resonating Glaives  
  47  3:56  Probe x2 (Chrono Boost), Assimilator  
  47  4:01  Assimilator  
  48  4:06  Probe (Chrono Boost)  
  48  4:08  Probe (Chrono Boost)  
  50  4:12  Forge  
  50  4:17  Probe (Chrono Boost)  
  50  4:20  Probe (Chrono Boost)  
  52  4:27  Forge  
  52  4:28  Probe (Chrono Boost)  
  52  4:31  Stalker  
  55  4:33  Protoss Ground Weapons Level 1  
  55  4:35  Probe (Chrono Boost)  
  57  4:38  Probe (Chrono Boost)  
  57  4:40  Stalker  
  60  4:47  Probe (Chrono Boost)  
  60  4:50  Probe (Chrono Boost)  
  61  4:54  Gateway  
  61  4:56  Pylon  
  61  4:59  Probe (Chrono Boost)  
  62  5:00  Protoss Ground Armor Level 1  
  63  5:14  Blink  
  63  5:16  Probe (Chrono Boost)  
  63  5:18  Robotics Facility  
  63  5:19  Pylon  
  63  5:24  Pylon  
  63  5:27  Pylon  
  63  5:30  Gateway  
  63  5:33  Pylon  
  63  5:42  Probe x2 (Chrono Boost)  
  65  5:50  Stalker x2  
  65  5:56  Stalker, Probe x2 (Chrono Boost)  
  73  5:58  Pylon  
  73  6:01  Gateway  
  73  6:03  Gateway  
  73  6:07  Observer  
  74  6:25  Probe x2 (Chrono Boost)  
  76  6:30  Warp Prism  
  76  6:31  Nexus  
  78  6:33  Assimilator  
  78  6:37  Assimilator  
  78  6:38  Stalker x2  
  82  6:51  Stalker  
  82  6:52  Stalker  
  86  6:57  Pylon  
  86  6:58  Pylon  
  86  7:02  Stalker x2  
  90  7:16  Protoss Ground Weapons Level 2  
  90  7:18  Adept  
  90  7:19  Adept x3  
  98  7:26  Probe (Chrono Boost)  
  98  7:27  Probe (Chrono Boost)  
  98  7:28  Immortal  
  104  7:36  Protoss Ground Armor Level 2  
  104  7:39  Probe (Chrono Boost)  
  107  7:44  Probe (Chrono Boost)  
  107  7:45  Probe (Chrono Boost)  
  107  7:48  Charge  
  108  7:51  Probe (Chrono Boost)  
  108  7:54  Adept x2  
  108  7:55  Probe (Chrono Boost)  
  108  7:57  Probe (Chrono Boost)  
  114  8:03  Probe (Chrono Boost)  
  115  8:10  Adept  
  115  8:11  Adept x2  
  121  8:23  Immortal  
  125  8:35  Adept  
  125  8:36  Adept x2  
  125  8:37  Nexus  
  131  8:48  Stalker x2  
  131  8:49  Stalker  
  137  9:02  Stalker x2  
  141  9:15  Stalker  
  141  9:16  Stalker  
  133  10:12  Stalker x4  
  133  10:13  Stalker x2  
  145  10:35  Nexus  
  145  10:39  Assimilator  
  145  10:43  Assimilator  
  145  10:46  Pylon  
  145  10:49  Pylon  
  145  10:51  Pylon, Assimilator  
  145  10:53  Pylon, Assimilator  
  145  10:56  Pylon  
  145  11:00  Pylon  
Show
View Real Time Build Order
Export as new Build Order

SuperButt Protoss 

Build Orders:  

Get SALT Encoding   

  12  0:02  Probe (Chrono Boost)  
  13  0:12  Probe (Chrono Boost)  
  14  0:23  Probe (Chrono Boost)  
  15  0:44  Pylon  
  15  0:57  Assimilator  
  15  1:02  Probe (Chrono Boost)  
  16  1:04  Gateway  
  16  1:13  Probe (Chrono Boost)  
  16  1:17  Pylon  
  17  1:23  Probe (Chrono Boost)  
  18  1:27  Forge  
  18  1:34  Probe (Chrono Boost)  
  19  1:44  Probe (Chrono Boost)  
  20  1:55  Probe (Chrono Boost)  
  21  2:05  Zealot, Probe (Chrono Boost)  
  21  2:06  Protoss Ground Weapons Level 1  
  24  2:16  Photon Cannon, Probe (Chrono Boost)  
  24  2:20  Photon Cannon  
  25  2:32  Zealot  
  27  2:39  Assimilator  
  27  3:13  Zealot  
  29  3:22  Cybernetics Core  
  29  3:25  Gateway  
  29  3:34  Nexus  
  29  3:40  Zealot  
  31  3:58  Pylon  
  31  4:01  Pylon, Protoss Ground Armor Level 1  
  31  4:03  Pylon  
  31  4:16  Zealot  
  33  4:30  Sentry  
  35  4:36  Warp Gate  
  35  4:39  Probe (Chrono Boost)  
  35  4:43  Stalker  
  38  4:50  Probe (Chrono Boost)  
  38  4:51  Twilight Council  
  39  4:56  Adept  
  41  5:14  Adept  
  43  5:23  Stalker  
  43  5:25  Nexus  
  45  5:28  Pylon  
  45  5:30  Pylon  
  45  5:47  Robotics Facility  
  45  5:51  Photon Cannon  
  45  5:55  Protoss Shields Level 1  
  45  6:05  Probe (Chrono Boost)  
  46  6:15  Probe (Chrono Boost)  
  47  6:26  Probe (Chrono Boost)  
  48  6:36  Probe (Chrono Boost)  
  49  6:46  Photon Cannon  
  49  6:47  Photon Cannon  
  48  6:54  Immortal  
  48  6:56  Mothership Core (Chrono Boost)  
  54  7:17  Stargate  
  54  7:22  Adept x2  
  58  7:31  Observer  
  59  7:47  Immortal  
  59  7:53  Pylon  
  59  7:55  Pylon  
  59  7:56  Robotics Bay  
  63  8:17  Void Ray  
Tags
 
Add a new tag
Caveats
  • Supply blocks, unpowered buildings, or Contaminate may cause inaccurate times.
  • Supply counts are checked every 10 seconds.